 Dungeon Crawl Stone Soup version 0.30-a0-953-g5f1da4a474 (webtiles) character file.

Game seed: 6546140561401712313

4033 Jeffwins the Gusty (level 10, -10/63 HPs)
             Began as a Human Wanderer on Mar 29, 2023.
             Killed from afar by an electric eel (14 damage)
             ... with a bolt of electricity
             ... on level 8 of the Dungeon.
             The game lasted 00:19:47 (11630 turns).

Jeffwins the Gusty (Human Wanderer)                Turns: 11630, Time: 00:19:47

Health: -10/63     AC: 12    Str: 18    XL:     10   Next: 48%
Magic:  14/18      EV: 14    Int: 17    God:
Gold:   227        SH:  7    Dex: 13    Spells: 13/20 levels left

rFire   . . .      SeeInvis .    a - +0 trident
rCold   + . .      Faith    .    R - +0 kite shield "Feguel" {Str+3 Dex+3}
rNeg    . . .      Spirit   .    T - +2 leather armour {rC+}
rPois   +          Reflect  .    q - +0 helmet
rElec   .          Rampage  .    A - +0 cloak
rCorr   .                        w - +2 pair of gloves
Will    .....                    K - +0 pair of boots
Stlth   +                        (no amulet)
HPRegen 0.30/turn                P - ring of poison resistance
MPRegen 0.16/turn                E - +5 ring of evasion

@: very slow
A: no striking features
a: no special abilities


You were on level 8 of the Dungeon.
You visited 2 branches of the dungeon, and saw 9 of its levels.

You collected 399 gold pieces.
You spent 172 gold pieces at shops.


   Skills:
 * Level 5.2 Polearms
 + Level 5.7 Throwing
 + Level 4.0 Armour
 + Level 1.5 Shields
 * Level 5.7 Spellcasting
 * Level 5.6 Conjurations
 * Level 5.0 Fire Magic
 * Level 6.6 Air Magic
 + Level 3.3 Evocations


You had 13 spell levels left.
You knew the following spells:

 Your Spells              Type           Power      Damage    Failure   Level
x - Scorch                Fire           44%        2d7       10%         2
y - Sticky Flame          Conj/Fire      23%        2d4       50%         4
z - Shock                 Conj/Air       100%       1d9       4%          1

Your spell library contained the following spells:

 Spells                   Type           Power      Damage    Failure   Level
 Swiftness                Air            27%        N/A       11%         3
 Airstrike                Air            13%        2d(2-18)  34%         4
 Dazzling Flash           Conj/Hex       28%        N/A       43%         3
 Beastly Appendage        Tmut           8%         N/A       45%         1
 Inner Flame              Hex/Fire       13%        N/A       50%         3
 Flame Wave               Conj/Fire      23%        2d8       50%         4
 Ensorcelled Hibernation  Hex/Ice        8%         N/A       61%         2
 Passwall                 Tmut/Erth      3%         N/A       61%         2
 Sublimation of Blood     Necr           4%         N/A       61%         2
 Wereblood                Tmut           4%         N/A       61%         2
 Spider Form              Tmut/Pois      4%         N/A       83%         3
 Iskenderun's Mystic Bla  Conj/Tloc      14%        2d5       85%         4
 Petrify                  Tmut/Erth      4%         N/A       99%         4
 Irradiate                Conj/Tmut      7%         3d14      99%         5
 Starburst                Conj/Fire      11%        6d5       100%        6
 Summon Cactus Giant      Summ           2%         N/A       100%        6

Inventory:

Hand Weapons
 a - a +0 trident (weapon)
 F - a +1 flail of draining
 J - a +0 shortbow of flaming
Missiles
 b - 25 poisoned darts (quivered)
 L - 2 throwing nets {=f}
Armour
 e - a +0 leather armour
 q - a +0 helmet (worn)
 w - a +2 pair of gloves (worn)
 A - a +0 cloak (worn)
 D - the +5 ring mail "Ecoe" {rF- rN+ rCorr Int+4}
   (You found it on level 6 of the Dungeon)

   Int:       It affects your intelligence (+4).
   rF:        It makes you vulnerable to fire.
   rN:        It protects you from negative energy.
   rCorr:     It protects you from acid and corrosion.
 H - a +2 scale mail of poison resistance
 K - a +0 pair of boots (worn)
 Q - a +0 buckler
 R - the +0 kite shield "Feguel" (worn) {Str+3 Dex+3}
   (You found it on level 7 of the Dungeon)

   Str:       It affects your strength (+3).
   Dex:       It affects your dexterity (+3).
 T - a +2 leather armour of cold resistance (worn)
Jewellery
 v - a ring of see invisible
 E - a +5 ring of evasion (right hand)
 G - an amulet of guardian spirit
 N - a ring of positive energy
 P - a ring of poison resistance (left hand)
Wands
 C - a wand of digging (9)
Scrolls
 d - 3 scrolls of fog
 f - 2 scrolls of teleportation {@r4}
 g - a scroll of immolation {!r}
 m - 3 scrolls of fear
 n - 2 scrolls of poison
 t - 4 scrolls of amnesia
 x - 2 scrolls of blinking
 y - 3 scrolls of enchant weapon
 O - 3 scrolls of identify {@r1}
 S - 2 scrolls of vulnerability {unknown}
Potions
 c - a potion of attraction {!q}
 h - a potion of flight {unknown}
 i - a potion of might {unknown}
 j - a potion of magic {unknown}
 k - a potion of resistance {unknown}
 l - 2 potions of haste {unknown}
 o - 2 potions of curing {unknown}
 p - a potion of berserk rage {unknown}
 r - a potion of lignification {unknown}
 s - a potion of degeneration {unknown}
 z - a potion of ambrosia {unknown}
 B - a potion of heal wounds {@q2}
 I - a potion of cancellation {unknown}
 M - a potion of brilliance {unknown}

Dungeon Overview and Level Annotations

Branches:
Dungeon (8/15)             Temple (1/1) D:4            Lair (0/5) D:8

Altars:
Dithmenos
Elyvilon
Fedhas
Gozag
Hepliaklqana
Kikubaaqudgha
Makhleb
Nemelex Xobeh
Okawaru
Qazlal
Ru
Sif Muna
Trog
Uskayaw
Wu Jian
Xom
Yredelemnul
Zin
The Shining One

Shops:
D:2 (   D:3 *

Portals:
Abyss: D:4

Annotations:
D:4 2 transporters, cforsyth's ghost, novice FoFi
D:5 2 transporters, cheesebisquit's ghost, novice HOFi

# ## ~≈≈≈≈~# .##
≈~≈~≈# #.##
≈~~≈≈# ##.##
~~~≈# .#..##
#SS~# ~.~#.##
#~~~# ~~≈~~~##
#~~~# ~~~#[~~#
#~@# #.###.~##
▒#~# ...#....#
▒▒▒▒▒.##
........#▒▒....▒▒
........'.'....▒
........#.'....▒
........#▒▒....▒
...#...~# ▒▒▒▒▒.#
#.###~~~# #~#


You could see 2 electric eels.


Message History

The bolt of electricity misses you. x2
An electric eel comes into view.
The electric eel shoots out a bolt of lightning at you!
The bolt of electricity hits you! x2
Casting: Scorch (safe; 10% risk of failure)
Confirm with . or Enter, or press ? or * to list all spells.
Flames lash the electric eel.
The electric eel is moderately wounded.
The electric eel's fire resistance burns away.
The electric eel shoots out a bolt of lightning at you!
The bolt of electricity hits you!
* * * LOW HITPOINT WARNING * * *
The electric eel shoots out a bolt of lightning at you!
The bolt of electricity hits you!
* * * LOW HITPOINT WARNING * * *
The bolt of electricity hits you!
* * * LOW HITPOINT WARNING * * *
Casting: Scorch (safe; 10% risk of failure)
Confirm with . or Enter, or press ? or * to list all spells.
Flames lash the electric eel.
The electric eel is burned terribly!
The electric eel is heavily wounded.
The electric eel is engulfed in a cloud of scalding steam.
The electric eel shoots out a bolt of lightning at you!
The bolt of electricity hits you!
* * * LOW HITPOINT WARNING * * *
The electric eel shoots out a bolt of lightning at you!
The bolt of electricity hits you.
* * * LOW HITPOINT WARNING * * *
The bolt of electricity hits you!
You die...

Skill      XL: |  1  2  3  4  5  6  7  8  9 10 |
---------------+-------------------------------+-----
Conjurations   | 1 2 3 4 5 |  5.6
Spellcasting   | 3 4 5 |  5.7
Polearms       | 1 2 3 4 5 |  5.2
Armour         | 2 3 4 |  4.0
Air Magic      | 4 5 6 |  6.6
Fire Magic     | 1 2 3 4 5 |  5.0
Evocations     | 1 2 3 |  3.3
Throwing       | 5 |  5.7
Shields        | 1 |  1.5

Action                     |  1- 3 |  4- 6 |  7- 9 | 10-12 || total
---------------------------+-------+-------+-------+-------++-------
  Melee: Dagger            |    32 |       |       |       ||    32
         Spear             |    22 |    19 |       |       ||    41
         Punch             |     1 |       |       |       ||     1
         Trident           |       |    36 |    21 |       ||    57
         Unarmed           |       |       |     1 |       ||     1
  Throw: Dart              |       |       |    10 |     4 ||    14
   Cast: Shock             |    68 |   103 |    53 |       ||   224
         Scorch            |       |     4 |   173 |    32 ||   209
  Evoke: Wand              |       |     2 |     3 |     3 ||     8
    Use: Potion            |     1 |       |       |       ||     1
         Scroll            |       |     3 |     4 |       ||     7
 Armour: Leather armour    |    14 |    23 |    30 |     9 ||    76
         Ring mail         |       |       |     8 |       ||     8
  Dodge: Dodged            |    77 |   137 |   128 |     9 ||   351
  Block: Kite shield       |       |       |     2 |    10 ||    12
         Buckler           |       |       |     2 |       ||     2

Levels and vault maps discovered:
D:1:      dpeg_chamrin_arrival_tetris, layout_basic
D:2:      layout_basic, serial_shops, shop, basic_altar, minmay_puff
D:3:      layout_loops_ring, nzn_wu_jian_contemplation,
          dreamdust_ecumenical_altar_angels_and_demons, serial_shops,
          nicolae_shop_advertising_works [nicolae_subvault_shop_adworks],
          uniq_robin
D:4:      layout_loops_ring, minmay_temple_entry_mist,
          gammafunk_ghost_abyssal_escape, serial_forest,
          infiniplex_forest_lined_room_3, infiniplex_forest_lined_2,
          infiniplex_forest_clump_C, infiniplex_forest_corner_1,
          infiniplex_forest_lined_room_2, infiniplex_forest_3_way,
          infiniplex_forest_straight_3, minmay_misc_feat_diagonals,
          uniq_crazy_yiuf_cottage, uniq_sigmund
D:5:      layout_gridville, grunt_qazlal_clouds, gammafunk_ghost_smash
D:6:      layout_basic, corexii_checkpoint_a, uniq_edmund, uniq_blork_the_orc,
          uniq_menkaure
D:7:      layout_basic, nicolae_grassy_gnolls
D:8:      wad_lake_hut, layout_rooms, uniq_psyche, uniq_pikel, uniq_joseph
Temple:   sentei_temple_godly_chess

Notes
Turn   | Place    | Note
-------+----------+-------------------------------------------
     0 | D:1      | Jeffwins the Human Wanderer began the quest for the Orb.
     0 | D:1      | Jeffwins set off with the following items: a +0 dagger, 11
                  | poisoned darts, a potion of attraction {!q}, a scroll of
                  | fog, a +0 leather armour; and the following spell
                  | memorised: Shock; and the following spells available to
                  | memorise: Swiftness, Airstrike.
     0 | D:1      | Reached XP level 1. HP: 13/13 MP: 3/3
   325 | D:1      | Reached XP level 2. HP: 19/19 MP: 1/5
  1129 | D:1      | Reached skill level 1 in Conjurations
  1259 | D:1      | Reached XP level 3. HP: 24/24 MP: 3/6
  1637 | D:2      | Found Wogg's Weapon Boutique.
  1655 | D:2      | Found an iron altar of Okawaru.
  1912 | D:2      | You fall into a shaft and drop 2 floors!
  1941 | D:5      | Entered Level 5 of the Dungeon
  1941 | D:5      | Noticed a scorpion
  2052 | D:4      | Reached XP level 4. HP: 7/30 MP: 0/7
  2146 | D:4      | Noticed a toenail golem
  2164 | D:4      | Found a transporter.
  2165 | D:4      | Found a one-way gate to the infinite horrors of the Abyss.
  2165 | D:4      | Noticed cforsyth's ghost (novice FoFi)
  2381 | D:4      | Found a staircase to the Ecumenical Temple.
  2403 | Temple   | Entered the Ecumenical Temple
  2597 | D:3      | Reached skill level 2 in Conjurations
  2597 | D:3      | Reached XP level 5. HP: 33/35 MP: 1/9
  3005 | D:3      | Noticed Robin
  3225 | D:2      | Killed Robin
  3226 | D:2      | Reached skill level 3 in Spellcasting
  3456 | D:3      | Found Nouq's Assorted Antiques.
  3462 | D:3      | Reached skill level 1 in Polearms
  3491 | D:3      | Bought a fluorescent wand for 100 gold pieces
  3578 | D:3      | Found an ornate altar of the Wu Jian Council.
  3626 | D:3      | Learned a level 2 spell: Scorch
  3739 | D:3      | Noticed a black bear
  3752 | D:3      | Killed a black bear
  3753 | D:3      | Reached skill level 2 in Armour
  3753 | D:3      | Reached skill level 4 in Air Magic
  3753 | D:3      | Reached XP level 6. HP: 41/41 MP: 3/10
  3999 | D:3      | Found a faded altar of an unknown god.
  4274 | D:3      | Bought a scroll labelled ICACKE CUOXKE for 25 gold pieces
  4274 | D:3      | Bought a scroll labelled XOXZIPLAMUPT for 25 gold pieces
  4553 | D:3      | Bought a metallic blue potion for 22 gold pieces
  4608 | D:4      | Noticed Sigmund
  4613 | D:4      | Killed Sigmund
  4614 | D:4      | Reached skill level 2 in Polearms
  4614 | D:4      | Reached skill level 1 in Fire Magic
  4614 | D:4      | Reached XP level 7. HP: 46/46 MP: 0/12
  4748 | D:4      | Found a transporter.
  4753 | D:4      | Noticed a small abomination
  4797 | D:4      | Found a runed translucent door.
  4798 | D:4      | Noticed Crazy Yiuf
  5002 | D:4      | Killed Crazy Yiuf
  5145 | D:5      | Reached skill level 1 in Evocations
  5381 | D:5      | Reached skill level 3 in Conjurations
  5381 | D:5      | Reached skill level 2 in Fire Magic
  5537 | D:5      | Found a stormy altar of Qazlal.
  5756 | D:5      | Reached XP level 8. HP: 52/52 MP: 7/13
  5903 | D:5      | Found a transporter.
  5905 | D:5      | Found a transporter.
  5906 | D:5      | Noticed cheesebisquit's ghost (novice HOFi)
  6568 | D:5      | Reached skill level 4 in Spellcasting
  6788 | D:6      | Reached skill level 3 in Polearms
  6856 | D:6      | Noticed Blork the orc
  6875 | D:6      | Killed Blork the orc
  6876 | D:6      | Reached skill level 5 in Air Magic
  6978 | D:6      | Identified the +5 ring mail "Ecoe" {rF- rN+ rCorr Int+4}
  6985 | D:6      | Reached skill level 3 in Fire Magic
  7133 | D:6      | Noticed Edmund
  7144 | D:6      | Killed Edmund
  7145 | D:6      | Reached skill level 3 in Armour
  7145 | D:6      | Reached skill level 2 in Evocations
  7300 | D:6      | Reached skill level 4 in Conjurations
  7300 | D:6      | Reached XP level 9. HP: 55/57 MP: 8/15
  7544 | D:5      | Reached skill level 5 in Throwing
  8077 | D:6      | Reached skill level 4 in Polearms
  8341 | D:6      | Noticed Menkaure
  8536 | D:6      | Killed Menkaure
  8663 | D:6      | Reached skill level 4 in Fire Magic
  8979 | D:7      | Reached skill level 5 in Spellcasting
  9434 | D:7      | Identified the +0 kite shield "Feguel" {Str+3 Dex+3}
  9721 | D:7      | Reached skill level 5 in Conjurations
 10124 | D:8      | Noticed Joseph
 10139 | D:7      | Reached skill level 6 in Air Magic
 10750 | D:8      | Killed Joseph
 10751 | D:8      | Reached XP level 10. HP: 26/63 MP: 7/18
 10903 | D:8      | Noticed Psyche
 10987 | D:7      | Killed Psyche
 10988 | D:7      | Reached skill level 1 in Shields
 10988 | D:7      | Reached skill level 3 in Evocations
 11154 | D:8      | Reached skill level 5 in Polearms
 11233 | D:8      | Found a staircase to the Lair.
 11354 | D:8      | Noticed Pikel
 11361 | D:8      | Killed Pikel
 11362 | D:8      | Reached skill level 4 in Armour
 11438 | D:8      | Reached skill level 5 in Fire Magic
 11585 | D:8      | Learned a level 4 spell: Sticky Flame
 11630 | D:8      | HP: 5/63 [electric eel/bolt of electricity (7)]
 11630 | D:8      | Killed from afar by an electric eel

Vanquished Creatures
  Pikel (D:8)
  Joseph (D:8)
  Psyche (D:7)
  Sigmund (D:4)
  A steam dragon (D:6)
  Menkaure (D:6)
  An acid dragon (D:8)
  A water moccasin (D:8)
  Edmund (D:6)
  An orc warrior (D:7)
  A sky beast (D:7)
  An ice beast (D:5)
  3 black bears
  An ogre (D:5)
  2 centaurs (D:6)
  A lemure (D:8)
  2 phantoms (D:6)
  Blork the orc (D:6)
  A kobold brigand (D:8)
  2 gnoll sergeants (D:7)
  A bullfrog (D:6)
  3 scorpions
  A howler monkey (D:6)
  3 hounds
  2 orc priests
  A jelly (D:5)
  Crazy Yiuf (D:4)
  A gnoll bouda (D:7)
  3 iguanas
  A sleepcap (D:6)
  3 orc wizards
  Robin (D:2)
  21 gnolls
  5 adders
  A shadow imp (D:8)
  3 white imps
  3 ufetubi
  3 worms
  3 dart slugs
  8 orcs
  6 endoplasms
  5 giant cockroaches
  13 hobgoblins
  3 quokkas
  7 ball pythons
  7 bats
  3 frilled lizards
  15 goblins
  7 kobolds
  7 rats
166 creatures vanquished.

Vanquished Creatures (others)
  23 plants
23 creatures vanquished.

Grand Total: 189 creatures vanquished

Table legend: (Time is in decaauts)
 A = Elapsed time spent in this place.
 B = Non-inter-level travel time spent in this place.
 C = Inter-level travel time spent in this place.
 D = Time resting spent in this place.
 E = Time spent auto-exploring this place.
 F = Levels seen in this place.
 G = Mean time per level.
                   A        B        C        D        E       F      G
               +--------+--------+--------+--------+--------+-----+--------+
         Total |  11663 |  11191 |    472 |   1570 |   7874 |   9 | 1295.9 |
       Dungeon |  11655 |  11183 |    472 |   1570 |   7872 |   8 | 1456.9 |
        Temple |      7 |      7 |      0 |      0 |      2 |   1 |    7.0 |
               +--------+--------+--------+--------+--------+-----+--------+

Top non-repeatable levels by time:
     D:6: 1986 daAuts
     D:7: 1863 daAuts
     D:5: 1719 daAuts
     D:4: 1535 daAuts
     D:1: 1454 daAuts
     D:3: 1121 daAuts
     D:2: 1094 daAuts
     D:8: 880 daAuts
  Temple: 7 daAuts

Table legend:
 A = Non-vault XP
 B = Vault XP
 C = Vault XP percentage of total XP
 D = Non-vault monster count
 E = Vault monster count
 F = Vault count percentage of total count
                 A         B        C        D         E       F
            +---------+---------+-------+---------+---------+-------
      Total |    3390 |    2372 |  41.2 |     136 |      29 |  17.6
            +---------+---------+-------+---------+---------+-------
        D:1 |      31 |       0 |   0.0 |      18 |       0 |   0.0
        D:2 |      32 |      50 |  61.0 |      20 |      13 |  39.4
        D:3 |     184 |       3 |   1.6 |      16 |       2 |  11.1
        D:4 |      96 |     278 |  74.3 |      14 |       2 |  12.5
        D:5 |     776 |       0 |   0.0 |      24 |       0 |   0.0
        D:6 |    1219 |     437 |  26.4 |      20 |       3 |  13.0
        D:7 |     587 |     548 |  48.3 |      14 |       7 |  33.3
        D:8 |     465 |    1056 |  69.4 |      10 |       2 |  16.7
            +---------+---------+-------+---------+---------+-------
